 Dungeon Crawl Stone Soup version 0.22-a0-252-gcace5d2 (webtiles) character file.

22794 Amnesiac the Spry (level 12, 0/59 HPs)
             Began as a Spriggan Fighter on Mar 2, 2018.
             Was a High Priest of Okawaru.
             Slain by an alligator (8 damage)
             ... on level 13 of the Dungeon.
             The game lasted 00:40:01 (19771 turns).

Amnesiac the Spry (Spriggan Fighter)               Turns: 19771, Time: 00:40:02

Health: 0/59       AC:  9    Str: 19    XL:     12   Next: 66%
Magic:  19/19      EV: 32    Int:  9    God:    Okawaru [*****.]
Gold:   784        SH:  0    Dex: 17    Spells: 11/11 levels left

rFire    . . .     SeeInvis +   E - -1 arbalest
rCold    . . .     Gourm    .   (shield currently unavailable)
rNeg     . . .     Faith    .   P - +0 troll leather armour
rPois    .         Spirit   .   (helmet restricted)
rElec    +         Reflect  .   z - +1 cloak
rCorr    .         Harm     .   (gloves unavailable)
MR       ++...                  (boots unavailable)
Stlth    ..........             (no amulet)
HPRegen  0.59/turn              R - +3 ring of protection
MPRegen  0.16/turn              O - ring of Nonaczac {rElec Str+3 Stlth-}

@: very quick
A: very small, unfitting armour, see invisible, herbivore, speed 3, frail 1,
slow metabolism 2, wild magic 1
a: Heroism, Finesse, Renounce Religion


You were on level 13 of the Dungeon.
You worshipped Okawaru.
Okawaru was extremely pleased with you.
You were not hungry.

You visited 3 branches of the dungeon, and saw 15 of its levels.
You also visited: Labyrinth and Ossuary.

You collected 784 gold pieces.

Inventory:

Hand Weapons
 b - a +0 hunting sling
 E - a -1 arbalest (weapon)
 S - a +1 demon blade of draining
Missiles
 l - 24 poisoned needles
 o - 68 sling bullets
 w - a throwing net
 B - 384 stones
 I - 61 bolts (quivered)
 J - 7 needles of sleeping
Armour
 c - a +0 buckler
 z - a +1 cloak (worn)
 N - the +6 gold dragon scales "Xott" {rPois rF+ rC+ Str-5 Int+7 Dex+2 Stlth+}
   (Okawaru gifted it to you on level 8 of the Dungeon)

   It affects your strength (-5).
   It affects your intelligence (+7).
   It affects your dexterity (+2).
   It protects you from fire.
   It protects you from cold.
   It protects you from poison.
   It makes you more stealthy.
 P - a +0 troll leather armour (worn)
Jewellery
 x - an uncursed ring of magical power
 F - an uncursed ring of magical power
 G - an uncursed ring of wizardry
 O - the ring of Nonaczac (right hand) {rElec Str+3 Stlth-}
   (You found it on level 11 of the Dungeon)

   [ring of loudness]

   It affects your strength (+3).
   It insulates you from electricity.
   It makes you less stealthy.
 R - a +3 ring of protection (left hand)
Wands
 n - a wand of disintegration (19)
 q - a wand of enslavement (10)
 r - a wand of iceblast (5)
 t - a wand of paralysis (9)
 C - a wand of polymorph (24)
Scrolls
 e - 4 scrolls of remove curse {!r}
 g - a scroll of fog {!r}
 h - 2 scrolls of enchant armour {!r}
 i - 7 scrolls of amnesia {!r}
 k - 2 scrolls of fear {!r}
 m - 2 scrolls of teleportation {!r}
 s - 6 scrolls of magic mapping {!r}
 y - 2 scrolls of immolation {!r}
 H - 5 scrolls of blinking {!r}
 K - 9 scrolls of identify {!r}
 L - a scroll of holy word {!r}
Potions
 d - a potion of might {!q}
 j - 3 potions of cancellation {!q}
 p - 5 potions of brilliance {!q}
 u - 6 potions of haste {!q}
 v - 3 potions of flight {!q}
 A - 2 potions of curing {!q}
 D - 2 potions of berserk rage {!q}
Comestibles
 f - 13 rations


   Skills:
 - Level 9.0 Fighting
 - Level 2.0 Long Blades
 * Level 9.1 Crossbows
 - Level 2.0 Armour
 - Level 18.0 Dodging
 - Level 3.6 Shields
 - Level 8.5 Invocations


You had 11 spell levels left.
You didn't know any spells.

Dungeon Overview and Level Annotations

Branches:
Dungeon (13/15)            Temple (1/1) D:5            Lair (0/6) D:9
    Orc (1/2) D:10
 Vaults: D:13-14

Altars:
Elyvilon
Fedhas
Gozag
Hepliaklqana
Kikubaaqudgha
Makhleb
Okawaru
Qazlal
Ru
Trog
Uskayaw
Vehumet
Wu Jian
Xom
Yredelemnul
Zin

Shops:
D:10 ?   Orc:1 =

Annotations:
D:9 1 runed door


Innate Abilities, Weirdness & Mutations

You are very small and have problems with some larger weapons.
You are too small for most types of armour.
You have supernaturally acute eyesight. (SInv)
You are a herbivore.
You cover ground extremely quickly.
You need consume almost no food.
You are frail. (-10% HP)
Your spells are a little harder to cast, but a little more powerful.


Message History

I - 67 bolts (gained 1)
Things that are here:
a flail; an orc corpse Done exploring.
There is a stone staircase leading down here.
There is a stone staircase leading down here.
You climb downwards.
There is a stone staircase leading up here.
You open the door. 2 leopard geckos and 2 iguanas come into view.
The leopard gecko hisses angrily.
The iguana hisses angrily. x2
You hear an angry hiss. x2
Found a scroll of enchant armour.
An alligator comes into view.
There are monsters nearby!
There are monsters nearby!
Firing (i - inventory. (/) - cycle)
I - 67 bolts (quivered)
Press: ? - help, Shift-Dir - straight line, f - leopard gecko
Aim: a leopard gecko (clinging)
You shoot a bolt. The bolt misses the leopard gecko.
The bolt completely misses the leopard gecko.
The bolt barely misses the iguana.
You hear an angry hiss. x2
A frilled lizard and a leopard gecko come into view.
Firing (i - inventory. (/) - cycle)
I - 66 bolts (quivered)
Press: ? - help, Shift-Dir - straight line, f/p - leopard gecko
Aim: a leopard gecko (clinging)
You shoot a bolt. The bolt hits the leopard gecko!!
You kill the leopard gecko!
The leopard gecko barely misses you.
Firing (i - inventory. (/) - cycle)
I - 65 bolts (quivered)
Press: ? - help, Shift-Dir - straight line, f - leopard gecko
Aim: a leopard gecko (clinging)
You shoot a bolt. The bolt barely misses the iguana.
The bolt hits the alligator!
The alligator is lightly wounded.
The leopard gecko completely misses you.
The leopard gecko barely misses you.
Firing (i - inventory. (/) - cycle)
I - 64 bolts (quivered)
Press: ? - help, Shift-Dir - straight line, f/p - iguana
Aim: an iguana You shoot a bolt.
The bolt barely misses the alligator.
A leopard gecko comes into view.
Firing (i - inventory. (/) - cycle)
I - 63 bolts (quivered)
Press: ? - help, Shift-Dir - straight line, f/p - alligator
Aim: an alligator (lightly wounded)
You shoot a bolt.
The bolt hits the alligator but does no damage.
The alligator is lightly wounded.
You hear an angry hiss. x2
The alligator bites you! The alligator tail-slaps you.
The alligator bites you!!
* * * LOW HITPOINT WARNING * * *
The alligator completely misses you.
Firing (i - inventory. (/) - cycle)
I - 62 bolts (quivered)
Press: ? - help, Shift-Dir - straight line, f/p - alligator
Aim: an alligator (lightly wounded)
You shoot a bolt. The bolt hits the alligator!
The alligator is lightly wounded.
The alligator completely misses you. The alligator closely misses you.
The alligator bites you!
* * * LOW HITPOINT WARNING * * *
The alligator tail-slaps you!
You die... ### .(. #.## ###ll?# #lll#

#t# ###@#
#...##
#.##.## #
#.....#
#.#.#.#.#
#..<#...#
#########


You could see an alligator, an iguana and 2 leopard geckos.

Vanquished Creatures
  A minotaur (Lab)
  A centaur warrior (D:13)
  4 two-headed ogres
  3 death yaks (D:8)
  Urug (D:10)
  2 unseen horrors
  A manticore (D:12)
  An orc sorcerer (D:10)
  A centaur skeleton (D:10)
  The ghost of KristoblXynda the Slasher, a novice DrGl of Ashenzari (D:5)
  A kobold demonologist (D:12)
  2 trolls
  A minotaur skeleton (Lab)
  A hornet (D:7)
  Sigmund (D:3)
  21 yaks
  4 hogs (D:7)
  A human (D:7)
  A basilisk (D:12)
  6 hungry ghosts
  A warg (Orc:1)
  2 acid dragons
  A soldier ant (D:10)
  11 ice beasts
  5 orc warriors
  A black bear (D:8)
  A sky beast (D:2)
  2 phantoms
  6 ogres
  An eye of draining (D:9)
  The ghost of Qrupt the Slasher, an amateur DsGl of Nemelex Xobeh (D:3)
  7 centaurs
  A crocodile (D:10)
  4 elf zombies (Ossuary)
  A wyvern zombie (D:6)
  6 bullfrogs
  A gnoll sergeant (D:9)
  2 scorpions
  A troll zombie (D:10)
  6 killer bees
  19 wights
  3 crimson imps
  2 centaur zombies
  2 quasits
  2 jellies
  6 orc priests
  4 hounds
  A bullfrog skeleton (D:4)
  18 orc wizards
  An iguana (D:8)
  Natasha (thrice) (D:3 D:2)
  A hell rat (D:9)
  5 worker ants
  A killer bee zombie (D:7)
  2 big kobold zombies (Ossuary)
  6 ogre zombies (D:10)
  2 mummies (Ossuary)
  2 worker ant zombies
  15 gnolls
  4 howler monkey skeletons
  14 adders
  A river rat (D:9)
  A shadow imp (D:8)
  An ooze (D:3)
  2 adder skeletons
  4 worms
  2 dart slugs (D:1)
  5 leopard geckos
  54 orcs
  4 ball pythons
  8 bats
  4 giant cockroaches
  5 hobgoblins
  19 jackals
  4 quokkas
  14 frilled lizards
  12 goblins
  3 goblin skeletons (D:10)
  A goblin zombie (D:10)
  A hobgoblin skeleton (D:10)
  7 hobgoblin zombies
  A jackal skeleton (D:4)
  2 jackal zombies (Ossuary)
  7 kobolds
  15 kobold zombies (Ossuary)
  7 orc skeletons (D:10)
  16 orc zombies
  2 quokka skeletons
  11 rats
  3 rat zombies (Ossuary)
445 creatures vanquished.

Vanquished Creatures (collateral kills)
  A hungry ghost (D:10)
  A phantom (D:10)
  A troll zombie (D:10)
  An orc skeleton (D:10)
4 creatures vanquished.

Grand Total: 449 creatures vanquished

Notes
Turn   | Place    | Note
-------+----------+-------------------------------------------
     0 | D:1      | Amnesiac the Spriggan Fighter began the quest for the Orb.
     0 | D:1      | Reached XP level 1. HP: 11/11 MP: 2/2
   358 | D:3      | Reached XP level 2. HP: 13/16 MP: 3/3
   971 | D:4      | Found a sacrificial altar of Ru.
   987 | D:4      | Reached skill level 5 in Dodging
   987 | D:4      | Reached XP level 3. HP: 16/19 MP: 4/4
  1125 | D:4      | Reached XP level 4. HP: 8/23 MP: 5/5
  1606 | D:4      | Reached skill level 6 in Dodging
  1779 | D:4      | Reached XP level 5. HP: 17/28 MP: 6/6
  1982 | D:4      | Reached skill level 7 in Dodging
  2157 | D:4      | Reached XP level 6. HP: 29/32 MP: 7/7
  2477 | D:4      | Reached skill level 8 in Dodging
  2740 | D:5      | Entered Level 5 of the Dungeon
  2740 | D:5      | Noticed KristoblXynda's ghost (novice DrGl)
  2746 | D:5      | Found a staircase to the Ecumenical Temple.
  2761 | Temple   | Entered the Ecumenical Temple
  2779 | Temple   | Became a worshipper of Warmaster Okawaru
  2829 | D:5      | Found an iron altar of Okawaru.
  2854 | D:3      | Noticed Natasha
  2862 | D:3      | Killed Natasha
  2916 | D:3      | Noticed Qrupt's ghost (amateur DsGl)
  2938 | D:3      | Killed Qrupt's ghost
  2938 | D:3      | Reached XP level 7. HP: 22/37 MP: 8/8
  3052 | D:2      | Found a shimmering altar of Xom.
  3160 | D:2      | Found a hide-covered altar of Uskayaw.
  3487 | D:1      | Reached skill level 9 in Dodging
  4012 | D:2      | Reached * piety under Okawaru
  4012 | D:2      | Reached skill level 1 in Armour
  4425 | D:3      | Reached skill level 1 in Invocations
  4518 | D:3      | Noticed Natasha
  4530 | D:3      | Killed Natasha
  4567 | D:3      | Noticed Natasha
  4741 | D:2      | Killed Natasha
  4795 | D:3      | Noticed Sigmund
  4926 | D:3      | Found a white marble altar of Elyvilon.
  5124 | D:3      | Killed Sigmund
  5124 | D:3      | Reached XP level 8. HP: 16/42 MP: 11/11
  5624 | D:5      | Found an opulent altar of Gozag.
  5690 | D:5      | Killed KristoblXynda's ghost
  5690 | D:5      | Reached ** piety under Okawaru
  6205 | D:6      | Found an ancient bone altar of Kikubaaqudgha.
  6514 | D:6      | Found a sand-covered staircase.
  6528 | Ossuary  | Entered an ossuary
  6805 | Ossuary  | Reached skill level 10 in Dodging
  6805 | Ossuary  | Reached XP level 9. HP: 26/46 MP: 15/15
  7930 | D:7      | Reached skill level 11 in Dodging
  7940 | D:7      | Reached skill level 5 in Fighting
  7946 | D:7      | Reached *** piety under Okawaru
  8323 | D:7      | Reached skill level 12 in Dodging
  8487 | D:7      | Found a stormy altar of Qazlal.
  8489 | D:7      | Found a glowing silver altar of Zin.
  8504 | D:7      | Found a radiant altar of Vehumet.
  8504 | D:7      | Found an ornate altar of the Wu Jian Council.
  8505 | D:7      | Found an opulent altar of Gozag.
  8508 | D:7      | Found a sacrificial altar of Ru.
  8739 | D:7      | Reached skill level 13 in Dodging
  8985 | D:8      | Reached **** piety under Okawaru
  8985 | D:8      | Reached XP level 10. HP: 49/53 MP: 16/16
  8994 | D:8      | Noticed a rust devil
  8994 | D:8      | Noticed a rust devil
  9001 | D:8      | Noticed a rust devil
  9001 | D:8      | Noticed a hell beast
  9007 | D:8      | Found a burning altar of Makhleb.
  9917 | D:9      | Identified a paperback manual
  9979 | D:9      | Noticed a death yak
 10140 | D:9      | Noticed a death yak
 10335 | D:8      | Reached skill level 14 in Dodging
 10441 | D:8      | Killed a death yak
 10767 | D:9      | Reached skill level 15 in Dodging
 10838 | D:10     | Entered Level 10 of the Dungeon
 10984 | D:10     | Found Ypeom's Magic Scroll Shop.
 11025 | D:10     | Reached ***** piety under Okawaru
 11241 | D:10     | Found a staircase to the Orcish Mines.
 11242 | D:10     | Noticed an orc sorcerer
 11248 | D:10     | Noticed a sixfirhy
 11258 | D:10     | Gained mutation: You are frail. (-10% HP) [potion of mutation]
 11258 | D:10     | Gained mutation: Your spells are a little harder to cast, but a little more powerful. [potion of mutation]
 11283 | D:10     | Noticed a sun demon
 11299 | D:10     | Noticed a soul eater
 11303 | D:10     | Noticed a rust devil
 11307 | D:10     | HP: 3/73 [rust devil[an orc sorcerer] (6)]
 11502 | D:10     | Reached skill level 16 in Dodging
 11520 | D:10     | Noticed a two-headed ogre
 11656 | D:10     | Killed a two-headed ogre
 11656 | D:10     | Reached XP level 11. HP: 47/52 MP: 17/17
 12092 | D:9      | Noticed a death yak
 12268 | D:9      | Found a burning altar of Makhleb.
 12502 | D:9      | Found a staircase to the Lair.
 12546 | D:9      | Found a shimmering altar of Xom.
 12546 | D:9      | Noticed a two-headed ogre
 12563 | D:9      | Killed a two-headed ogre
 12807 | D:9      | Found a runed door.
 12807 | D:9      | Noticed a centaur warrior
 12807 | D:9      | Noticed a centaur warrior
 12807 | D:9      | Noticed a yaktaur captain
 12809 | D:9      | Noticed a fire giant
 12809 | D:9      | Noticed a yaktaur captain
 12809 | D:9      | Noticed a flayed ghost
 12809 | D:9      | Noticed a five-headed hydra
 12985 | D:9      | Reached skill level 17 in Dodging
 13351 | D:10     | Killed an orc sorcerer
 13448 | D:10     | Received a gift from Okawaru
 14209 | Orc:1    | Entered Level 1 of the Orcish Mines
 14231 | Orc:1    | Found Uciwus's Jewellery Shoppe.
 15238 | D:8      | Killed a death yak
 15238 | D:8      | Received a gift from Okawaru
 15238 | D:8      | Reached ****** piety under Okawaru
 15239 | D:8      | Got warped gold dragon scales {god gift}
 15295 | D:7      | Identified the +6 gold dragon scales "Xott" {rPois rF+ rC+ Str-5 Int+7 Dex+2 Stlth+} (Okawaru gifted it to you on level 8 of the Dungeon)
 15490 | D:8      | Killed a death yak
 15490 | D:8      | Reached skill level 5 in Crossbows
 16356 | D:11     | Noticed a two-headed ogre
 16387 | D:11     | Killed a two-headed ogre
 16430 | D:11     | Noticed Urug
 16494 | D:10     | Killed Urug
 16534 | D:10     | Reached XP level 12. HP: 54/58 MP: 18/18
 17458 | D:11     | Got a coiled bone ring
 17657 | D:12     | Noticed a two-headed ogre
 17724 | D:12     | Killed a two-headed ogre
 17973 | D:12     | Received a gift from Okawaru
 18161 | D:12     | Found a labyrinth entrance.
 18170 | Lab      | Entered a labyrinth
 18219 | Lab      | Identified the ring of Nonaczac {rElec Str+3 Stlth-} (You found it on level 11 of the Dungeon)
 18357 | Lab      | Noticed a minotaur
 18549 | Lab      | Identified the Reference Book on Shifting Venom
 18998 | Lab      | Killed a minotaur
 19000 | Lab      | Got a warped morningstar {crush}
 19211 | D:12     | Received a gift from Okawaru
 19216 | D:12     | Identified the +6 morningstar of Untruth {crush, Int+4 Dex+9} (You took it off a minotaur in a labyrinth)
 19384 | D:12     | Reached skill level 18 in Dodging
 19702 | D:13     | Noticed a centaur warrior
 19706 | D:13     | Killed a centaur warrior
 19765 | D:13     | Noticed an alligator
 19771 | D:13     | Slain by an alligator

Vault maps used:
D:1:      tarquinn_simple_flora_water_e, hex_tiny
D:2:      lemuel_coloured_pillars_altar, tgw_xom
D:3:      first_ration, elyvilon_altar_3, uniq_natasha, uniq_sigmund
D:4:      roderic_roman_lattice, nicolae_ru_great_annihilating_truth
D:5:      temple_statues, basic_altar, nicolae_gozag_seed_capital
D:6:      enter_ossuary_5, tgw_kikubaaqudgha
D:7:      minitemple, corexii_mini_fake_secret_closet, grunt_livestock,
          minmay_misc_feat_five, serial_bayou_crossing
D:8:      lemuel_hellish_altar
D:9:      minmay_gate_of_8, bloody_makhleb, dpeg_lair_monsters, basic_altar
D:10:     zombieorc2_lemuel, serial_shops,
          nicolae_shop_temple_entry_statues_fountains, grunt_decor_cap,
          kennysheep_small_spiral
D:11:     serial_bayou_pond_e, uniq_urug
D:12:     lab_entry_generic, portal_ice_cave_entry_ice_beasts
D:13:     serial_curves, eino_curves_01, eino_curves_02,
          hangedman_parallel_progression, uniq_josephine
Temple:   eino_temple_water
Orc:1:    serial_shops, shop
Lab:      labyrinth_watery, lab_block, nicolae_lab_checkerboard,
          nicolae_lab_t_cross, nicolae_lab_quarters, nicolae_lab_swirl
Ossuary:  ossuary_tomb_1

Skill      XL: |  1  2  3  4  5  6  7  8  9 10 11 12 |
---------------+-------------------------------------+-----
Long Blades    | 2 |  2.0
Dodging        | 5 6 7 8 9 10 13 16 17 18 | 18.0
Fighting       | 3 4 6 7 8 9 |  9.0
Shields        | 3 |  3.6
Armour         | 2 |  2.0
Invocations    | 3 7 8 |  8.5
Crossbows      | 7 9 |  9.1

Action                   |  1- 3 |  4- 6 |  7- 9 | 10-12 || total
-------------------------+-------+-------+-------+-------++-------
Melee: Long sword        |    87 |   183 |   820 |   848 ||  1938
 Fire: Hunting sling     |       |       |       |    52 ||    52
       Arbalest          |       |       |       |   460 ||   460
Invok: Heroism           |       |       |       |     5 ||     5
       Finesse           |       |       |       |     3 ||     3
Evoke: Wand              |       |       |     8 |    39 ||    47
  Use: Scroll            |       |       |    20 |     5 ||    25
       Potion            |       |       |     1 |    14 ||    15
 Stab: Sleeping          |     1 |     1 |     3 |     1 ||     6
       Distracted        |     1 |       |       |       ||     1
       Paralysed         |     1 |       |       |       ||     1
  Eat: Ration            |       |       |     5 |    10 ||    15
Armor: Robe              |     3 |     5 |    83 |    69 ||   160
       Skin              |       |       |       |    27 ||    27
       Troll leather arm |       |       |       |     6 ||     6
Dodge: Dodged            |    58 |   149 |   708 |  1150 ||  2065
Block: Buckler           |    33 |    69 |   334 |   346 ||   782
       Rpst.: Long sword |    19 |    52 |   220 |   257 ||   548

Table legend:
 A = Spawn XP
 B = Non-spawn XP
 C = Spawn XP percentage of total XP
 D = Spawn monster count
 E = Non-spawn monster count
 F = Spawn count percentage of total count
 G = Total turns spent on level
                    A         B        C        D         E        F      G
               +---------+---------+-------+---------+---------+-------+---------
         Total |       0 |   32563 |   0.0 |       0 |     449 |   0.0 | 19771
               +---------+---------+-------+---------+---------+-------+---------
           D:1 |       0 |      37 |   0.0 |       0 |      21 |   0.0 |   816
           D:2 |       0 |     294 |   0.0 |       0 |      31 |   0.0 |  1225
           D:3 |       0 |     554 |   0.0 |       0 |      43 |   0.0 |  2001
           D:4 |       0 |     492 |   0.0 |       0 |      35 |   0.0 |  1384
           D:5 |       0 |     616 |   0.0 |       0 |      11 |   0.0 |  1056
           D:6 |       0 |     665 |   0.0 |       0 |      23 |   0.0 |  1529
           D:7 |       0 |    1856 |   0.0 |       0 |      19 |   0.0 |  1048
           D:8 |       0 |    4414 |   0.0 |       0 |      36 |   0.0 |  2220
           D:9 |       0 |    3130 |   0.0 |       0 |      37 |   0.0 |  1868
          D:10 |       0 |    7781 |   0.0 |       0 |      81 |   0.0 |  2622
          D:11 |       0 |    3499 |   0.0 |       0 |      21 |   0.0 |  1256
          D:12 |       0 |    5135 |   0.0 |       0 |      37 |   0.0 |  1046
          D:13 |       0 |    1464 |   0.0 |       0 |       9 |   0.0 |    36
        Temple |       0 |     122 |   0.0 |       0 |       1 |   0.0 |    48
         Orc:1 |       0 |     280 |   0.0 |       0 |       2 |   0.0 |   281
           Lab |       0 |    1714 |   0.0 |       0 |       3 |   0.0 |   981
       Ossuary |       0 |     510 |   0.0 |       0 |      39 |   0.0 |   354
               +---------+---------+-------+---------+---------+-------+---------
